 Dungeon Sprint DCSS version 0.24-a0-203-gf0bc1e9 (webtiles) character file.

Game seed: 15524436564704477197

4594 TheOrbIsALie the Fighter (level 10, -8/133 HPs)
             Began as a Demonspawn Fighter on Mar 27, 2019.
             Was a Priest of Ru.
             Mangled by Wojiem Wuamm the pandemonium lord (43 damage)
             ... in the Dungeon (Sprint V: "Ziggurat Sprint").
             The game lasted 00:03:38 (409 turns).

TheOrbIsALie the Fighter (Demonspawn Fighter)        Turns: 409, Time: 00:03:39

Health: -8/133     AC: 30    Str: 29    XL:     10   Next: 19%
Magic:  11/11      EV: -1    Int: 10    God:    Ru [***...]
Gold:   0          SH: 32    Dex: 20    Spells: 9/9 levels left

rFire    . . .     SeeInvis .   x - +7 Screaming Sword {slice, sonic wave}
rCold    . . .     Gourm    .   w - +18 shield of the Gong {rElec rN+ MR+ EV-5}
rNeg     + . .     Faith    .   v - +15 Maxwell's patent armour {-Cast -Tele rElec MR+ rCorr}
rPois    .         Spirit   .   (helmet restricted)
rElec    +         Reflect  .   (no cloak)
rCorr    +         Harm     .   (no gloves)
MR       ++...     NoTele   +   (no boots) Stlth ..........NoCast +
                                (no amulet)
HPRegen  0.32/turn              a - +6 ring of dexterity
MPRegen  0.12/turn              z - +6 ring of strength

@: mighty, berserking, very quick
A: claws 2, hooves 2, horns 1, powered by pain 1, hated by all, reduced EV 1
a: Draw Out Power, Renounce Religion


You were in the Dungeon.
You worshipped Ru.
Ru was most pleased with you.
You were not hungry.

You visited 1 branch

Inventory:

Hand Weapons
 x - the +7 Screaming Sword (weapon) {slice, sonic wave}
   (You found it in the Dungeon)

   It inflicts extra damage upon your enemies.
Armour
 v - the +15 Maxwell's patent armour (worn) {-Cast -Tele rElec MR+ rCorr}
   (You found it in the Dungeon)

   It insulates you from electricity.
   It affects your resistance to hostile enchantments.
   It prevents spellcasting.
   It prevents most forms of teleportation.
   It provides partial protection from all sources of acid and corrosion.
 w - the +18 shield of the Gong (worn) {rElec rN+ MR+ EV-5}
   (You found it in the Dungeon)

   It affects your evasion (-5).
   It insulates you from electricity.
   It protects you from negative energy.
   It affects your resistance to hostile enchantments.
 E - +5 gold dragon scales
Jewellery
 a - a +6 ring of dexterity (left claw)
 b - a +6 ring of dexterity
 c - a +6 ring of intelligence
 y - a +6 ring of intelligence
 z - a +6 ring of strength (right claw)
 A - a +6 ring of strength
 F - the ring of Utiyl {rPois rC+ Stlth+}
   (You found it in the Dungeon)

   [ring of stealth]

   It protects you from cold.
   It protects you from poison.
   It makes you more stealthy.
Wands
 B - a wand of disintegration (5)
 C - a wand of iceblast (7)
 D - a wand of acid (5)
Scrolls
 k - 4 scrolls of blinking
 q - 4 scrolls of amnesia
 r - 7 scrolls of fog
 s - 5 scrolls of identify
 t - 5 scrolls of remove curse
 u - 2 scrolls of fear
Potions
 d - 6 potions of might
 e - 9 potions of curing
 g - 13 potions of heal wounds
 h - 6 potions of haste
 i - 7 potions of magic
 j - 2 potions of berserk rage
 l - 2 potions of brilliance
 m - 2 potions of invisibility
 n - 4 potions of resistance
 o - a potion of experience
 p - 6 potions of agility
Miscellaneous
 G - 2 sacks of spiders
 H - a fan of gales
Comestibles
 f - 7 rations


   Skills:
 + Level 11.8 Fighting
 + Level 11.1 Long Blades
 + Level 11.1 Armour
 + Level 2.1 Dodging
 + Level 3.3 Stealth
 + Level 11.5 Shields
 + Level 2.4 Evocations


You had 9 spell levels left.
You didn't know any spells.
Your spell library was empty.

Dungeon Overview and Level Annotations

Branches:
Dungeon (1/1)

Altars:
Ashenzari
Cheibriados
Dithmenos
Elyvilon
Fedhas
Gozag
Hepliaklqana
Kikubaaqudgha
Makhleb
Nemelex Xobeh
Okawaru
Qazlal
Ru
Sif Muna
Trog
Uskayaw
Vehumet
Wu Jian
Xom
Yredelemnul
Zin
The Shining One
Beogh
Jiyva
Lugonu


Innate Abilities, Weirdness & Mutations

You have very sharp fingernails.
You have hoof-like feet.
You have a pair of small horns on your head.
You sometimes gain a little power by taking damage.
You are hated by all.
You have somewhat slow reflexes. (EV -5)


Message History

You block Wojiem Wuamm's attack.
GONNNNG!
Unknown command.
Unknown command.
You slice Keoloz!!
The Screaming Sword yells, "DECIMATE, TERMINATE, ERADICATE!"
You send a blast of sound all around you.
Wojiem Wuamm and Keoloz are blasted.
Wojiem Wuamm is moderately wounded.
Keoloz is heavily wounded.
You kick Keoloz, but do no damage.
Keoloz is heavily wounded.
You block Keoloz's attack.
GONNNNG!
Unknown command.
You completely miss Keoloz. Your kick misses Keoloz.
Your headbutt misses Keoloz.
Keoloz is heavily wounded.
Wojiem Wuamm hits you!!!
You die...

▓..:)=..▓
▓..}:?..▓
▓.......▓
▓.......▓
▓.......▓
.......
▓.▓.&&▓.▓
▓...@...▓
▓▓▓▓▓▓▓▓▓


You could see Keoloz and Wojiem Wuamm.

Vanquished Creatures
  3 deep elf magi (D)
  A salamander (shapeshifter) (D)
  3 ugly things (D)
  A hornet (D)
  A blink frog (shapeshifter) (D)
  4 spriggans (D)
  A fire elemental (D)
  A steam dragon (shapeshifter) (D)
  A water moccasin (shapeshifter) (D)
  A swamp drake (shapeshifter) (D)
  A black bear (D)
  A black bear (shapeshifter) (D)
  A centaur (shapeshifter) (D)
  A wolf (D)
  An orc wizard (D)
  An orc priest (D)
  An iron imp (D)
  A shadow imp (D)
  A white imp (D)
  An ufetubus (D)
  2 orcs (D)
29 creatures vanquished.

Vanquished Creatures (others)
  Ijyb (D)
1 creature vanquished.

Grand Total: 30 creatures vanquished

Notes
Turn   | Place    | Note
-------+----------+-------------------------------------------
     0 | D        | Found the +6 Majin-Bo {vamp, Archmagi MP+6 Int+6}
     0 | D        | Found the +7 great mace "Firestarter" {inner flame, rF++}
     0 | D        | TheOrbIsALie the Demonspawn Fighter began the quest for the
                  | Orb.
     0 | D        | Reached XP level 1. HP: 18/18 MP: 1/1
     0 | D        | Found a deep blue altar of Sif Muna.
     0 | D        | Found a sacrificial altar of Ru.
     0 | D        | Found a bloodstained altar of Trog.
     0 | D        | Found a stormy altar of Qazlal.
     0 | D        | Found an iron altar of Okawaru.
     0 | D        | Found a sparkling altar of Nemelex Xobeh.
     0 | D        | Found a blossoming altar of Fedhas.
     2 | D        | Found a transporter.
     2 | D        | Found an ancient bone altar of Kikubaaqudgha.
     2 | D        | Found a viscous altar of Jiyva.
     2 | D        | Found a corrupted altar of Lugonu.
     2 | D        | Found a hazy altar of Hepliaklqana.
     2 | D        | Found a burning altar of Makhleb.
     2 | D        | Found an opulent altar of Gozag.
    10 | D        | Found the +9 heavy crossbow "Sniper" {velocity, Acc+∞ SInv}
    10 | D        | Found the +10 dark maul {crush}
    10 | D        | Found the +15 Maxwell's patent armour {-Cast -Tele rElec
                  | MR+ rCorr}
    10 | D        | Found the +18 shield of the Gong {rElec rN+ MR+ EV-5}
    10 | D        | Found the cursed +14 obsidian axe {chop, +Fly SInv *Curse}
    12 | D        | Found the +6 shillelagh "Devastator" {shatter}
    12 | D        | Found the +11 plutonium sword {*Contam Stlth-}
    12 | D        | Found the +8 lance "Wyrmbane" {slay drac, rPois rF+ rC+
                  | AC+3}
    12 | D        | Found the +9 sword of Zonguldrok {reap}
    12 | D        | Found the cursed +13 scythe of Curses {drain, *Curse}
    12 | D        | Found the +0 sword of Power
    12 | D        | Found the +7 mace of Variability {chain chaos}
    12 | D        | Found the +7 Singing Sword {slice, sonic wave}
    12 | D        | Found the +7 longbow "Piercer" {penet, EV-2}
    76 | D        | Became a worshipper of Ru the Awakened
    84 | D        | Entered arena 2.
    84 | D        | Noticed a black bear
    84 | D        | Noticed a swamp drake
    84 | D        | Found a transporter.
    93 | D        | Killed a swamp drake
    93 | D        | Reached skill level 5 in Fighting
    93 | D        | Reached skill level 5 in Armour
    93 | D        | Reached skill level 5 in Shields
    93 | D        | Gained mutation: You have sharp fingernails. [demonic
                  | ancestry]
    93 | D        | Reached XP level 2. HP: 27/27 MP: 2/2
    93 | D        | Gained mutation: You have large cloven feet. [demonic
                  | ancestry]
    93 | D        | Reached XP level 3. HP: 33/33 MP: 3/3
    93 | D        | Reached XP level 4. HP: 39/39 MP: 4/4
    94 | D        | Killed a black bear
    94 | D        | Reached skill level 1 in Evocations
    94 | D        | Reached XP level 5. HP: 47/47 MP: 5/5
    99 | D        | Got the ring of Utiyl {rPois rC+ Stlth+}
   103 | D        | Entered arena 3.
   103 | D        | Noticed a fire bat
   103 | D        | Noticed a steam dragon
   103 | D        | Noticed a water moccasin
   103 | D        | Found a transporter.
   104 | D        | Noticed a blink frog
   104 | D        | a fire bat changed into a blink frog
   106 | D        | Killed a blink frog
   106 | D        | Reached skill level 1 in Stealth
   106 | D        | Gained mutation: You have a pair of small horns on your
                  | head. [demonic ancestry]
   106 | D        | Reached XP level 6. HP: 56/56 MP: 5/7
   107 | D        | Killed a steam dragon
   107 | D        | Reached skill level 5 in Long Blades
   108 | D        | Killed a water moccasin
   108 | D        | Reached skill level 1 in Dodging
   108 | D        | Gained mutation: You sometimes gain a little power by
                  | taking damage. [demonic ancestry]
   108 | D        | Reached XP level 7. HP: 44/63 MP: 5/8
   113 | D        | Gained mutation: You have somewhat slow reflexes. (EV -5)
                  | [Ru sacrifice]
   113 | D        | Reached * piety under Ru
   178 | D        | Killed Ijyb
   202 | D        | Entered arena 4.
   202 | D        | Noticed a deep elf mage
   202 | D        | Noticed a deep elf mage
   202 | D        | Noticed a fire elemental
   202 | D        | Noticed a deep elf mage
   202 | D        | Found a transporter.
   204 | D        | Killed a deep elf mage
   209 | D        | Killed a fire elemental
   209 | D        | Gained mutation: You have very sharp fingernails. [demonic
                  | ancestry]
   209 | D        | Reached XP level 8. HP: 63/72 MP: 9/9
   209 | D        | Killed a deep elf mage
   209 | D        | Reached skill level 10 in Fighting
   211 | D        | Killed a deep elf mage
   211 | D        | Reached skill level 10 in Armour
   250 | D        | Entered arena 5.
   250 | D        | Found a transporter.
   254 | D        | Gained mutation: You have hoof-like feet. [demonic
                  | ancestry]
   254 | D        | Reached XP level 9. HP: 79/79 MP: 10/10
   260 | D        | Entered arena 6.
   260 | D        | Noticed a green ugly thing
   260 | D        | Noticed a brown ugly thing
   260 | D        | Noticed a salamander
   260 | D        | Noticed a cyan ugly thing
   260 | D        | Found a transporter.
   267 | D        | Killed a salamander
   267 | D        | Reached skill level 10 in Shields
   270 | D        | Killed a brown ugly thing
   271 | D        | Killed a brown ugly thing
   274 | D        | Killed a green ugly thing
   274 | D        | Reached skill level 10 in Long Blades
   279 | D        | Gained mutation: You are hated by all. [Ru sacrifice]
   279 | D        | Reached ** piety under Ru
   279 | D        | Reached *** piety under Ru
   372 | D        | Entered arena 7.
   372 | D        | Noticed a spriggan rider
   373 | D        | Reached XP level 10. HP: 89/89 MP: 11/11
   374 | D        | Found a transporter.
   397 | D        | Entered arena 8.
   397 | D        | Noticed Wojiem Wuamm the pandemonium lord
   397 | D        | Noticed Keoloz the pandemonium lord
   409 | D        | Mangled by Wojiem Wuamm the pandemonium lord

Levels and vault maps discovered:
D:        sprint_v [room_start, room_1, room_2, room_3, room_4, room_5, room_6,
          room_7, room_8, room_9, room_10, room_11, room_12, room_13, room_14,
          room_15, room_16, room_17, room_18, room_19, room_20, room_21,
          room_22, room_23, room_24, room_25, room_26, room_27]

Skill      XL: |  1  2  3  4  5  6  7  8  9 10 |
---------------+-------------------------------+-----
Fighting       | 5 6 7 8 9 10 11 | 11.8
Long Blades    | 3 4 5 6 7 10 11 | 11.1
Armour         | 5 6 7 8 9 10 11 | 11.1
Shields        | 5 7 8 9 11 | 11.5
Evocations     | 1 2 |  2.4
Stealth        | 1 2 3 |  3.3
Dodging        | 1 2 |  2.1

Action                   |  1- 3 |  4- 6 |  7- 9 | 10-12 || total
-------------------------+-------+-------+-------+-------++-------
Melee: Double sword      |     5 |     5 |    25 |    15 ||    50
       Kick              |       |     1 |    10 |     7 ||    18
       Headbutt          |       |       |     8 |     1 ||     9
Invok: Sacrifice Health  |       |       |     1 |       ||     1
       Sacrifice Love    |       |       |     1 |       ||     1
Evoke: Wand              |     2 |       |       |     2 ||     4
  Use: Potion            |     2 |       |       |     1 ||     3
 Stab: Confused          |       |     1 |       |       ||     1
Armor: Plate armour      |    13 |     4 |     8 |     6 ||    31
Dodge: Dodged            |     1 |       |     2 |     1 ||     4
Block: Shield            |     3 |     8 |    28 |    26 ||    65
       Rpst.: Double sword |       |       |     1 |       ||     1

Table legend:
 A = Non-vault XP
 B = Vault XP
 C = Vault XP percentage of total XP
 D = Non-vault monster count
 E = Vault monster count
 F = Vault count percentage of total count
                 A         B        C        D         E       F
            +---------+---------+-------+---------+---------+-------
      Total |     224 |    6340 |  96.6 |       1 |      28 |  96.6
            +---------+---------+-------+---------+---------+-------
          D |     224 |    6340 |  96.6 |       1 |      28 |  96.6
            +---------+---------+-------+---------+---------+-------
